 Dungeon Crawl Stone Soup version 0.29.1-15-g9cfb28693d (webtiles) character file.

Game seed: 2978451928929675878

2535801 crompyre the Crack Shot (level 27, 221/222 HPs)
             Began as a Gnoll Ice Elementalist on Feb 27, 2023.
             Was the Champion of Ashenzari.
             Escaped with the Orb
             ... and 4 runes on Mar 5, 2023!
             The game lasted 05:22:48 (60615 turns).

crompyre the Crack Shot (Gnoll Ice Elementalist)   Turns: 60615, Time: 05:22:48

Health: 221/222    AC: 21    Str:  9      XL:     27
Magic:  23/42      EV: 34    Int: 28 (29) God:    Ashenzari [******]
Gold:   7655       SH:  0    Dex: 16 (18) Spells: 0/65 levels left

rFire   + . .      SeeInvis +     - Unarmed
rCold   + . .      Faith    .   (shield currently unavailable)
rNeg    . . .      Spirit   .   (body armour currently unavailable)
rPois   ∞          Reflect  .   (helmet currently unavailable)
rElec   +          Harm     .   (cloak currently unavailable)
rCorr   +          Rampage  .   (gloves currently unavailable)
Will    +++..      Clarity  +   (boots currently unavailable)
Stlth   +++.......              B - amulet "Ensconced With Me" {Drain rC+ Regen+ rCorr, Elem, Alch} (curse)
HPRegen 1.27/turn               Y - ring "Overhang to Understand" {rF+, Range, Melee} (curse)
MPRegen 0.28/turn               K - ring of Ashenzari's Levity {Will+ rCorr Int+4 Dex+3, Elem, Fort} (curse)

@: storm-form, wereblooded, forested, flying, studying 4 skills
A: cleaving, insubstantial, flying, (fangs 1), strong nose, distributed
training, thin skeletal structure 1, clarity, clumsy 1, (cold resistance 1), low
MP 1
0: Orb of Zot
}: 4/15 runes: decaying, silver, abyssal, gossamer
a: Blinkbolt, End Transformation, Renounce Religion, Shatter the Chains


You escaped.
You worshipped Ashenzari.
Ashenzari was exalted by your worship.
You were a lightning-filled tempest!
You visited 10 branches of the dungeon, and saw 48 of its levels.
You visited the Abyss 1 time.
You also visited: Gauntlet and Desolation.

You collected 10716 gold pieces.
You spent 3061 gold pieces at shops.

Inventory:

Missiles
 e - 15 silver javelins
 u - 3 throwing nets
 E - 28 atropa-tipped darts
 S - 23 curare-tipped darts
Armour
 f - the cursed +1 cloak of Apeoromancy (melded) {Int+4, Elem, Self}
   (You found it in a Gauntlet)

   Int:       It affects your intelligence (+4).
   It has a curse which improves the following skills: Elements: Fire Magic, Ice
   Magic, Air Magic and Earth Magic.
   Introspection: Fighting and Spellcasting.
 h - the cursed +2 pair of boots of Ashenzari's Affliction (melded) {rampage, Bglg, Alch}
   (You found it on level 13 of the Dungeon)

   It has a curse which improves the following skills: Beguiling: Conjurations,
   Hexes and Translocations.
   Alchemy:   Poison Magic and Transmutations.
 j - the cursed quicksilver dragon scales "Eternal Orthodoxy" (melded) {+Blink rN++ Will+ Int+2 Dex-2, Alch, Self}
   (You bought it in a shop on level 4 of the Dungeon)

   Int:       It affects your intelligence (+2).
   Dex:       It affects your dexterity (-2).
   rN:        It greatly protects you from negative energy.
   +Blink:    It lets you blink.
   Will:      It increases your willpower.
   It has a curse which improves the following skills: Alchemy: Poison Magic and
   Transmutations.
   Introspection: Fighting and Spellcasting.
 s - the cursed +2 helmet of the Gnostic Negation (melded) {Self, Melee}
   (You took it off Robin on level 3 of the Dungeon)

   It has a curse which improves the following skills: Introspection: Fighting
   and Spellcasting.
   Melee Combat: Short Blades, Long Blades, Axes, Maces & Flails, Polearms,
   Staves and Unarmed Combat.
 L - the cursed +0 pair of gloves of the Ruined Moon (melded) {Regen+ Dex+2, Fort, Melee}
   (You found it on level 8 of the Dungeon)

   Dex:       It affects your dexterity (+2).
   Regen:     It increases your rate of health regeneration.
   It has a curse which improves the following skills: Fortitude: Armour and
   Shields.
   Melee Combat: Short Blades, Long Blades, Axes, Maces & Flails, Polearms,
   Staves and Unarmed Combat.
 N - the cursed +0 kite shield "I Foresaw This" (melded) {Elem, Melee}
   (You found it on level 5 of the Lair of Beasts)

   It has a curse which improves the following skills: Elements: Fire Magic, Ice
   Magic, Air Magic and Earth Magic.
   Melee Combat: Short Blades, Long Blades, Axes, Maces & Flails, Polearms,
   Staves and Unarmed Combat.
Magical Staves
 a - a cursed staff of cold (melded) {Evo, Elem}
Jewellery
 l - a ring of wizardry
 B - the cursed amulet "Ensconced With Me" (around neck) {Drain rC+ Regen+ rCorr, Elem, Alch}
   (You found it in the Desolation of Salt)

   [amulet of regeneration]

   rC:        It protects you from cold.
   Regen:     It increases your rate of health regeneration.
   rCorr:     It protects you from acid and corrosion.
   Drain:     It drains your maximum health when unequipped.
   It has a curse which improves the following skills: Elements: Fire Magic, Ice
   Magic, Air Magic and Earth Magic.
   Alchemy:   Poison Magic and Transmutations.
 H - a +4 ring of slaying
 K - the cursed ring of Ashenzari's Levity (right fist) {Will+ rCorr Int+4 Dex+3, Elem, Fort}
   (You took it off a tengu reaver on level 2 of the Depths)

   [ring of willpower]

   Int:       It affects your intelligence (+4).
   Dex:       It affects your dexterity (+3).
   rCorr:     It protects you from acid and corrosion.
   Will:      It increases your willpower.
   It has a curse which improves the following skills: Elements: Fire Magic, Ice
   Magic, Air Magic and Earth Magic.
   Fortitude: Armour and Shields.
 P - a ring of flight
 W - a +6 ring of intelligence
 X - a ring of poison resistance
 Y - the cursed ring "Overhang to Understand" (left fist) {rF+, Range, Melee}
   (You found it on level 4 of the Lair of Beasts)

   [ring of protection from fire]

   rF:        It protects you from fire.
   It has a curse which improves the following skills: Ranged Combat: Ranged
   Weapons and Throwing.
   Melee Combat: Short Blades, Long Blades, Axes, Maces & Flails, Polearms,
   Staves and Unarmed Combat.
Wands
 r - a wand of flame (2)
 x - a wand of light (31)
 G - a wand of paralysis (29)
 O - a wand of iceblast (58)
 U - a wand of digging (27)
 V - a wand of mindburst (11)
 Z - a wand of polymorph (55)
Scrolls
 c - 2 scrolls of amnesia
 d - 21 scrolls of teleportation
 o - 11 scrolls of blinking
 q - 14 scrolls of magic mapping
 y - a scroll of enchant weapon
 C - 5 scrolls of fog
 D - 13 scrolls of summoning
 F - 5 scrolls of silence
 R - 7 scrolls of fear
Potions
 g - 2 potions of magic
 m - 11 potions of invisibility
 n - 6 potions of resistance
 p - 11 potions of flight
 t - 7 potions of mutation
 v - 7 potions of haste
 w - 9 potions of might
 z - 11 potions of brilliance
 A - 12 potions of heal wounds
 M - 15 potions of curing
 Q - 8 potions of cancellation
Miscellaneous
 b - a lightning rod (4/4)
 i - a phial of floods
 k - a condenser vane
 I - a tin of tremorstones (2/2)
 J - a box of beasts (inert)
 T - a phantom mirror


   Skills:
 + Level 19.3 Fighting
 + Level 19.3(21.7) Short Blades
 + Level 19.3(21.7) Long Blades
 + Level 19.3(21.7) Axes
 + Level 19.3(21.7) Maces & Flails
 + Level 19.3(21.7) Polearms
 + Level 19.3(21.7) Staves
 + Level 25.6(27) Ranged Weapons
 + Level 19.3(21.7) Throwing
 + Level 19.3(21.7) Armour
 + Level 19.7 Dodging
 + Level 19.7 Stealth
 + Level 19.3(21.7) Shields
 + Level 24.6(26.8) Unarmed Combat
 + Level 19.8 Spellcasting
 + Level 16.4 Conjurations
 + Level 21.3 Hexes
 + Level 19.4 Summonings
 + Level 16.4 Necromancy
 + Level 16.4 Translocations
 + Level 16.4(18.9) Transmutations
 + Level 16.4(20.2) Fire Magic
 + Level 17.7(21.4) Ice Magic
 + Level 16.4(20.2) Air Magic
 + Level 16.4(20.2) Earth Magic
 + Level 16.4(18.9) Poison Magic
 + Level 20.8 Invocations
 + Level 19.3 Evocations


You couldn't memorise any spells.
You knew the following spells:

 Your Spells              Type           Power      Damage    Failure   Level
a - Orb of Destruction    Conj           44%        9d12      1%          7
b - Manifold Assault      Tloc           88%        N/A       1%          5
c - Maxwell's Capacitive  Air            48%        ∞         2%          8
d - Wereblood             Tmut           94%        N/A       0%          2
e - Silence               Hex/Air        48%        N/A       0%          5
f - Olgreb's Toxic Radia  Pois           94%        N/A       0%          4
g - Dispel Undead         Necr           88%        3d28      0%          4
h - Storm Form            Tmut/Air       47%        N/A       1%          7
i - Summon Cactus Giant   Summ           47%        N/A       1%          6
j - Lehudib's Crystal Sp  Conj/Erth      46%        10d11     4%          8
k - Spellforged Servitor  Conj/Summ      45%        N/A       1%          7
l - Summon Forest         Summ/Tloc      45%        N/A       1%          5

Your spell library contained the following spells:

 Spells                   Type           Power      Damage    Failure   Level
 Beastly Appendage        Tmut           100%       N/A       0%          1
 Foxfire                  Conj/Fire      100%       2x1d9     0%          1
 Freeze                   Ice            100%       1d11      0%          1
 Magic Dart               Conj           100%       1d8       0%          1
 Shock                    Conj/Air       100%       1d9       0%          1
 Slow                     Hex            100%       N/A       0%          1
 Sting                    Tmut/Pois      100%       1d8       0%          1
 Blink                    Tloc           100%       N/A       0%          2
 Call Imp                 Summ           95%        N/A       0%          2
 Poisonous Vapours        Pois/Air       100%       N/A       0%          2
 Scorch                   Fire           100%       2d10      0%          2
 Static Discharge         Conj/Air       92%        3-15/arc  0%          2
 Sublimation of Blood     Necr           88%        N/A       0%          2
 Confusing Touch          Hex            99%        N/A       0%          3
 Conjure Flame            Conj/Fire      92%        6-21      0%          3
 Dazzling Flash           Conj/Hex       100%       N/A       0%          3
 Frozen Ramparts          Ice            100%       1d16      0%          3
 Ignite Poison            Fire/Tmut/Pois 94%        N/A       0%          3
 Inner Flame              Hex/Fire       97%        N/A       0%          3
 Mephitic Cloud           Conj/Pois/Air  93%        N/A       0%          3
 Ozocubu's Armour         Ice            99%        N/A       0%          3
 Portal Projectile        Hex/Tloc       100%       N/A       0%          3
 Spider Form              Tmut/Pois      94%        N/A       0%          3
 Stone Arrow              Conj/Erth      100%       3d13      0%          3
 Summon Guardian Golem    Hex/Summ       97%        N/A       0%          3
 Tukima's Dance           Hex            99%        N/A       0%          3
 Vampiric Draining        Necr           88%        2d12      0%          3
 Animate Armour           Summ/Erth      100%       N/A       0%          4
 Animate Dead             Necr           88%        N/A       0%          4
 Cause Fear               Hex            49%        N/A       0%          4
 Corpse Rot               Necr/Pois/Air  93%        N/A       0%          4
 Flame Wave               Conj/Fire      92%        2d19      0%          4
 Hailstorm                Conj/Ice       94%        3d19      0%          4
 Iskenderun's Mystic Bla  Conj/Tloc      88%        2d17      0%          4
 Leda's Liquefaction      Hex/Erth       48%        N/A       0%          4
 Passage of Golubria      Tloc           88%        N/A       0%          4
 Sticky Flame             Conj/Fire      92%        2d10      0%          4
 Summon Ice Beast         Ice/Summ       97%        N/A       0%          4
 Summon Lightning Spire   Summ/Air       95%        N/A       0%          4
 Alistair's Intoxication  Tmut/Pois      62%        N/A       0%          5
 Blade Hands              Tmut           47%        N/A       0%          5
 Freezing Cloud           Conj/Ice/Air   47%        6-21      0%          5
 Summon Mana Viper        Hex/Summ       97%        N/A       0%          5
 Yara's Violent Unravell  Hex/Tmut       48%        3d19      0%          5
 Lightning Bolt           Conj/Air       46%        1d66      1%          5
 Dispersal                Tloc           44%        N/A       1%          6
 Simulacrum               Ice/Necr       47%        N/A       1%          6
 Starburst                Conj/Fire      46%        6d13      1%          6
 Malign Gateway           Summ/Tloc      45%        N/A       1%          7
 Monstrous Menagerie      Summ           47%        N/A       1%          7
 Summon Hydra             Summ           47%        N/A       1%          7
 Discord                  Hex            49%        N/A       1%          8
 Necromutation            Tmut/Necr      45%        N/A       7%          8
 Borgnjor's Revivificati  Necr           44%        N/A       11%         8
 Disjunction              Tloc           44%        N/A       11%         8
 Polar Vortex             Ice            49%        N/A       22%         9
 Chain Lightning          Conj/Air       46%        3d61      61%         9
 Death's Door             Necr           44%        N/A       86%         9


Dungeon Overview and Level Annotations

Branches:
Dungeon (15/15)            Temple (1/1) D:4            Lair (5/5) D:11
  Swamp (4/4) Lair:3       Spider (4/4) Lair:3        Slime (0/5) Lair:5
    Orc (2/2) D:9             Elf (3/3) Orc:2        Vaults (5/5) D:14
  Crypt (0/3) Vaults:3     Depths (4/4) D:15            Zot (5/5) Depths:4
Desolation (visited)      Gauntlet (visited)

Altars:
Ashenzari
Cheibriados
Elyvilon
Fedhas
Gozag
Hepliaklqana
Nemelex Xobeh
Okawaru
Qazlal
Ru
Sif Muna
Trog
Uskayaw
Vehumet
Wu Jian
Xom
Zin
The Shining One
Jiyva

Shops:
D:4 [   D:13 (=([[   Orc:1 :   Orc:2 =([[   Elf:3 !   Vaults:5 *

Portals:
Hell: Depths:1 Depths:2 Depths:3 Depths:4
Abyss: Depths:1 Depths:3 Depths:4
Pandemonium: Depths:1 Depths:2
Ziggurat: Depths:2
Trove: D:10 (give 11 potions of heal wounds)

Annotations:
Lair:5 3 runed translucent doors, ripuliukko's ghost, journeyman MiFi


Innate Abilities, Weirdness & Mutations

You are a lightning-filled tempest!
Your electrical attacks strike out in all directions at once.
You are incredibly evasive.
Your insubstantial body is immune to petrification, constriction, and being set on fire You are flying.
You are immune to poison.
Your armour is entirely melded.
You are incapable of wielding weapons or throwing items.
((You have very sharp teeth.))
Your uncanny sense of smell can sniff out nearby items.
Your experience applies equally to all skills.
You have a somewhat thin skeletal structure. (Dex +2, Stealth+)
You possess an exceptional clarity of mind.
You are clumsy. (Dex -2)
((Your flesh is cold resistant. (rC+)))
Your magical capacity is low. (-10% MP)


Message History

The angel is moderately wounded.
The angel hits you with a +1 whip of holy wrath!
The angel hits you but does no damage.
You blast the angel!!!
You punch the angel!
The angel is almost dead.
The angel gestures.
The angel is healed somewhat.
You blast the angel!!!!
You kill the angel!
No target in view!
No target in view!
There is a staircase leading out of the dungeon here.
Okay, then.
Okay, then.
Casting: Storm Form (mildly dangerous; 1% risk of failure)
Confirm with . or Enter, or press ? or * to list all spells.
You summon a servant imbued with your destructive magic!
What are your orders? t - Bellow!
Orders for allies: a - Attack new target. r - Retreat! s - Stop attacking. g - Guard the area. f - Follow me.
Anything else - Cancel.
Okay, then.
Casting: Spellforged Servitor (mildly dangerous; 1% risk of failure)
Confirm with . or Enter, or press ? or * to list all spells.
Casting: Summon Cactus Giant (safe; 1% risk of failure)
Confirm with . or Enter, or press ? or * to list all spells.
A forested plane collides here with a resounding crunch!
Your dryad calls out to the forest.
The forest starts to sway and rumble!
Casting: Summon Forest (safe; 1% risk of failure)
Confirm with . or Enter, or press ? or * to list all spells.
Your blood is infused with primal strength.
Tree limbs sway around you.
You open the lid... ...and a primal weirdshock beast leaps out!
The box is emptied!
Trunks creak and shift.
You have escaped!

.#####.#####...........#.##.###.#
.##.............#...........# #.#
.#...#.###.....###.......#### #.#
.......##.....♣♣##♣......######.#
.......#.....#.....#.............
............#♣♣...###.......##.#♣
...........♣#♣♣♣.#♣##♣......##.#♣
#.........#...≈~~~....♣.....##.#♣
##.......##♣~≈≈9v....♣##.....#.#♣
###....#####≈~C..RH#♣###....#.#♣
#...#.....#~....♣.....#...#..♣
#..###...♣##..♣#♣♣.1.###..###♣
#.#####.#♣♣♣♣.#♣♣♣#.#####.# ♣
#.........................#
########.......####.....### ##
#####♣.♣# #.....# #. #.# #.....#
###.


You could see a Tzitzimitl (ally target), a friendly primal weirdshock beast
(summoned), a friendly spellforged servitor (summoned), a friendly dryad
(summoned) and a friendly cactus giant (summoned).

Vanquished Creatures
  6 dread liches
  3 ancient liches
  3 orbs of fire (Zot:5)
  Sojobo (Depths:2)
  Bai Suzhen (Vaults:3)
  12 Killer Klowns
  3 curse toes
  A pandemonium lord (D:3)
  A caustic shrike (Depths:2)
  10 golden dragons
  Nikola (Elf:3)
  A bone dragon (Abyss:3)
  Arachne (Spider:3)
  2 electric golems (Zot:5)
  17 tentacled monstrosities
  25 Orb Guardians
  Mlioglotl (Swamp:4)
  Zenata (Elf:3)
  3 walking crystal tomes
  8 liches
  2 walking earthen tomes
  4 quicksilver dragons
  2 deep elf blademasters (Elf:3)
  9 titans
  A walking frostbound tome (Depths:4)
  A walking divine tome (Zot:2)
  10 sphinxes
  2 deep elf master archers (Elf:3)
  2 tentacled starspawn (Abyss:3)
  9 death cobs
  Kirke (D:14)
  The ghost of popps the Tortoise, an adept MiBe of Trog (Swamp:3)
  2 thorn hunters (Swamp:4)
  11 shadow dragons
  4 tengu reavers
  4 draconian monks
  14 storm dragons
  3 fire giants
  6 draconian knights
  5 ghost moths
  6 fenstrider witches (Swamp:4)
  3 narguns (Zot:2)
  10 frost giants
  9 deep elf sorcerers
  2 draconian scorchers
  2 imperial myrmidons (Desolation)
  4 iron dragons
  19 vault wardens
  A cacodemon (Abyss:3)
  2 balrugs
  5 broodmothers
  6 deep elf elementalists
  3 emperor scorpions
  4 draconian shifters
  5 angels
  12 very ugly things
  4 draconian annihilators
  2 reapers
  16 stone giants
  2 spriggan defenders
  A caustic shrike skeleton (Depths:2)
  2 war gargoyles
  A quicksilver ooze (shapeshifter) (Vaults:5)
  A stone giant (shapeshifter) (Vaults:5)
  10 ironbound thunderhulks
  15 ironbound preservers
  6 green draconians
  2 vampire knights
  8 deep elf demonologists
  Nessos (Orc:2)
  4 deep elf annihilators
  4 eleionomae
  4 purple draconians
  2 halazid warlocks (Desolation)
  12 yellow draconians
  A minotaur (Gauntlet)
  9 black draconians
  5 bunyips
  2 entropy weavers
  4 white draconians
  A bunyip (shapeshifter) (Abyss:3)
  12 dire elephants
  The ghost of Merkmiralles the Severer, a journeyman MiBe of Trog (D:13)
  10 spark wasps
  8 red draconians
  2 blizzard demons
  4 deep elf death magi (Elf:3)
  7 deep elf high priests
  8 ragged hierophants (Desolation)
  14 ettins
  9 great orbs of eyes
  A jiangshi (Depths:2)
  A merfolk impaler (Depths:1)
  7 ice dragons
  25 vault guards
  A salamander tyrant (Depths:4)
  13 yaktaur captains
  14 hydras
  10 fire dragons
  3 boulder beetles
  2 ghost crabs
  3 rakshasas (Depths:2)
  A catoblepas (D:15)
  7 servants of whispers (Desolation)
  A two-headed ogre (D:11)
  7 peacekeepers (Desolation)
  3 radroaches
  7 spriggan air magi
  2 ogre magi
  6 ironbound frosthearts
  5 centaur warriors
  4 vampire magi
  A deep troll shaman (Depths:4)
  35 dancing weapons
  9 alligators
  7 death yaks
  3 spriggan berserkers
  2 thrashing horrors (Abyss:3)
  3 tengu warriors
  8 deep troll earth magi
  20 deep elf knights
  7 orc high priests (Orc:2)
  A shock serpent (shapeshifter) (Vaults:5)
  Sonja (D:13)
  3 sun demons
  A shadow wraith (Vaults:5)
  5 hell knights
  A salamander mystic (Depths:4)
  4 sixfirhies
  12 skeletal warriors
  7 pharaoh ants
  A sun moth (Spider:3)
  A fire crab (shapeshifter) (D:15)
  A wretched star (Abyss:3)
  The ghost of
  112233 the Thaumaturge, a novice DsFE of Sif Muna (D:9)
  3 goliath frogs
  2 swamp dragons
  10 orb spiders
  4 steelbarb worms
  25 deep trolls
  3 glowing orange brains (Depths:2)
  A flayed ghost (Depths:1)
  A shadow demon (Zot:2)
  5 iron trolls
  4 large abominations
  A deep troll (shapeshifter) (Vaults:1)
  10 lindwurms
  10 wizards
  A bog body (Swamp:1)
  14 spriggan druids
  12 deep elf archers
  10 harpies
  20 ironbound convokers
  22 deep elf pyromancers
  An oklob plant (Lair:4)
  A shadow dragon skeleton (Vaults:3)
  43 ugly things
  7 necromancers
  An orc knight (Orc:1)
  Pikel (D:6)
  6 phantasmal warriors
  19 wolf spiders
  27 deep elf zephyrmancers
  A cyclops (D:14)
  A shining eye (shapeshifter) (Depths:4)
  4 orc sorcerers
  6 manticores
  A salamander (shapeshifter) (Elf:1)
  4 salamanders
  21 moths of wrath
  A will-o-the-wisp (Swamp:3)
  An apocalypse crab (Abyss:3)
  6 torpor snails
  A spectral centaur (D:14)
  5 black mambas
  12 elephants
  2 smoke demons
  An orange demon (Abyss:3)
  A water nymph (shapeshifter) (D:15)
  25 vault sentinels
  2 gargoyles (D:14)
  A molten gargoyle (Desolation)
  7 guardian serpents
  15 cane toads
  12 demonic crawlers
  7 unseen horrors
  Maggie (D:6)
  6 rime drakes
  3 kobold demonologists
  3 hellions
  2 freezing wraiths
  5 tengu conjurers
  4 hellwings (Swamp:4)
  11 komodo dragons
  34 yaktaurs
  3 ancient zymes (Abyss:3)
  7 trolls
  A polar bear (Lair:1)
  A yaktaur skeleton (Vaults:3)
  A meliai (Spider:4)
  A bloated husk (Swamp:2)
  22 tarantellas
  2 tarantellas (shapeshifter)
  19 hornets
  12 tyrant leeches
  16 blink frogs
  34 slime creatures
  2 blink frogs (shapeshifter)
  5 human skeletons (Vaults:3)
  50 saltlings (Desolation)
  16 dream sheep
  2 wind drakes (shapeshifter)
  4 raiju (Abyss:3)
  A culicivora (shapeshifter) (Vaults:5)
  3 starcursed masses (Abyss:3)
  A jumping spider (shapeshifter) (Depths:1)
  Sigmund (D:6)
  A shadow (D:13)
  24 jumping spiders
  2 water elementals
  24 culicivoras
  18 spriggans
  An air elemental (Elf:2)
  6 fire bats (Abyss:3)
  A ynoxinul (D:1)
  6 basilisks
  A wraith (Abyss:3)
  26 yaks
  A fire bat (shapeshifter) (Vaults:5)
  5 hogs (D:14)
  10 wyverns
  11 chaos spawn
  A golden eye (shapeshifter) (D:14)
  Grum (D:10)
  5 fire elementals
  53 redbacks
  10 small abominations
  9 vampire mosquitoes
  4 neqoxecs
  2 steam dragons
  An elf skeleton (Vaults:3)
  6 wargs
  9 swamp worms
  19 water moccasins
  A floating eye (Depths:1)
  A nameless horror (Vaults:2)
  10 swamp drakes
  A glowing shapeshifter skeleton (Vaults:3)
  21 orc warriors
  3 black bears
  A sky beast (D:6)
  A hornet zombie (D:14)
  10 ogres
  21 centaurs
  33 wolves
  2 lemures (D:6)
  5 phantoms
  22 kobold brigands
  17 bullfrogs
  2 gnoll sergeants
  2 necrophages
  An earth elemental (Elf:2)
  2 scorpions
  A wyvern skeleton (D:5)
  12 wights
  A water moccasin zombie (D:5)
  4 killer bees (D:8)
  3 electric eels (Lair:3)
  2 howler monkeys (D:11)
  A bullfrog zombie (D:5)
  3 centaur zombies
  7 hounds
  6 jellies
  3 gnoll boudas
  40 orc priests
  3 centaur skeletons
  9 iguanas
  18 orc wizards
  A scorpion zombie (D:5)
  A hound skeleton (D:5)
  Robin (D:3)
  5 adders
  21 gnolls
  A howler monkey zombie (D:5)
  2 shadow imps (Gauntlet)
  A white imp (Gauntlet)
  2 ufetubi
  An adder zombie (D:5)
  3 worms
  2 dart slugs
  96 orcs
  9 endoplasms
  A giant cockroach (D:2)
  22 goblins
  14 hobgoblins
  2 jackals (D:1)
  28 kobolds
  4 quokkas
  5 ball pythons
  6 bats
  3 frilled lizards
  13 rats
  A lurking horror (Abyss:3)
  A pillar of salt (Zot:1)
  3 starspawn tentacles (Abyss:3)
2187 creatures vanquished.

Vanquished Creatures (collateral kills)
  2 Killer Klowns (Zot:5)
  Frederick (Vaults:5)
  A caustic shrike (Depths:2)
  A golden dragon (Zot:1)
  2 tentacled monstrosities
  A titan (Vaults:5)
  An Orb Guardian (Zot:5)
  A death cob (Zot:5)
  2 tengu reavers
  3 shadow dragons
  2 draconian monks (Zot:1)
  A fire giant (Vaults:5)
  3 draconian knights (Zot:4)
  2 frost giants
  An iron dragon (Vaults:5)
  2 vault wardens
  Louise (Spider:2)
  3 draconian stormcallers
  2 very ugly things
  A draconian annihilator (Zot:4)
  4 ironbound preservers
  4 stone giants
  An ironbound thunderhulk (Vaults:4)
  A green draconian (Depths:4)
  2 purple draconians
  A black draconian (Zot:4)
  5 white draconians
  A red draconian (Zot:4)
  A dire elephant (Vaults:3)
  A yellow draconian (Zot:4)
  A crystal guardian (Desolation)
  2 ettins
  A fire dragon (Depths:2)
  A ragged hierophant (Desolation)
  4 ice dragons (Depths:2)
  3 vault guards (Vaults:5)
  A rakshasa (Depths:2)
  An ogre mage (Vaults:5)
  A great orb of eyes (Vaults:2)
  2 spriggan air magi
  2 deep troll earth magi (Depths:4)
  A tengu warrior (Depths:2)
  A deep troll shaman (Depths:2)
  A spriggan berserker (Depths:4)
  2 hell knights (Depths:3)
  An iron troll (Depths:4)
  A spark wasp zombie (Depths:2)
  A sun moth (Spider:2)
  15 deep trolls
  A flayed ghost (Depths:3)
  2 wizards
  A lindwurm (shapeshifter) (Depths:2)
  2 necromancers (Depths:2)
  A wolf spider (Spider:2)
  A fire giant zombie (Vaults:3)
  9 ugly things
  2 slime creatures (Depths:2)
  A shadow dragon skeleton (Vaults:3)
  3 moths of wrath
  4 human skeletons (Vaults:3)
  A molten gargoyle (Desolation)
  A guardian serpent (Desolation)
  6 yaktaurs
  A tengu conjurer (Depths:2)
  A saltling (Desolation)
  A spriggan (Depths:4)
  A deep troll zombie (Vaults:3)
  A culicivora (Spider:2)
  A redback (Spider:2)
  A glowing shapeshifter simulacrum (Vaults:3)
138 creatures vanquished.

Vanquished Creatures (others)
  A ghost moth (Zot:4)
  A blizzard demon (Swamp:4)
  A yaktaur captain (Vaults:5)
  A hydra (D:12)
  3 death yaks (D:11)
  An orc high priest (Orc:1)
  A pharaoh ant (Spider:1)
  A steelbarb worm (Spider:1)
  A wizard (Vaults:2)
  A wolf spider (Spider:3)
  A torpor snail (Spider:1)
  2 demonic crawlers (Spider:1)
  A bloated husk (Swamp:4)
  A jumping spider (Spider:1)
  2 culicivoras
  A vampire (D:10)
  A wraith (D:8)
  A warg (Orc:2)
  4 orc warriors
  An ice beast (D:6)
  A black bear (D:6)
  An ogre (D:5)
  A centaur (D:11)
  A gnoll (Orc:2)
  2 orcs
  A briar patch (Swamp:4)
  6 foxfires (Swamp:3)
  41 fungi
  106 plants
  7 snaplasher vines
  6 starspawn tentacles (Abyss:3)
  4 withered plants (D:5)
204 creatures vanquished.

Grand Total: 2529 creatures vanquished

Notes
Turn   | Place    | Note
-------+----------+-------------------------------------------
     0 | D:1      | crompyre the Gnoll Ice Elementalist began the quest for the
                  | Orb.
     0 | D:1      | Reached XP level 1. HP: 13/13 MP: 6/6
   342 | D:1      | Reached XP level 2. HP: 17/19 MP: 4/7
   655 | D:1      | Found a faded altar of an unknown god.
   906 | D:2      | Reached skill level 5 in Spellcasting
   906 | D:2      | Reached XP level 3. HP: 18/25 MP: 4/9
   907 | D:2      | Reached skill level 1 in Invocations
  1017 | D:2      | Learned a level 3 spell: Frozen Ramparts
  1021 | D:2      | Learned a level 3 spell: Ozocubu's Armour
  1124 | D:2      | Reached skill level 1 in Fighting
  1124 | D:2      | Reached skill level 1 in Short Blades
  1124 | D:2      | Reached skill level 1 in Long Blades
  1124 | D:2      | Reached skill level 1 in Axes
  1124 | D:2      | Reached skill level 1 in Maces & Flails
  1124 | D:2      | Reached skill level 1 in Polearms
  1124 | D:2      | Reached skill level 1 in Staves
  1124 | D:2      | Reached skill level 1 in Ranged Weapons
  1124 | D:2      | Reached skill level 1 in Throwing
  1124 | D:2      | Reached skill level 1 in Armour
  1124 | D:2      | Reached skill level 1 in Shields
  1124 | D:2      | Reached skill level 1 in Unarmed Combat
  1124 | D:2      | Reached skill level 1 in Evocations
  1403 | D:2      | Reached XP level 4. HP: 20/31 MP: 4/11
  1846 | D:3      | Reached skill level 1 in Conjurations
  1846 | D:3      | Reached skill level 1 in Hexes
  1846 | D:3      | Reached skill level 1 in Summonings
  1846 | D:3      | Reached skill level 1 in Necromancy
  1846 | D:3      | Reached skill level 1 in Translocations
  1846 | D:3      | Reached skill level 1 in Transmutations
  1846 | D:3      | Reached skill level 1 in Fire Magic
  1846 | D:3      | Reached skill level 1 in Air Magic
  1846 | D:3      | Reached skill level 1 in Earth Magic
  1846 | D:3      | Reached skill level 1 in Poison Magic
  2120 | D:3      | Learned a level 4 spell: Hailstorm
  2162 | D:3      | Noticed Robin
  2185 | D:3      | Killed Robin
  2415 | D:3      | Reached XP level 5. HP: 35/37 MP: 7/12
  2967 | D:3      | Found a glowing silver altar of Zin.
  3538 | D:4      | Reached XP level 6. HP: 44/44 MP: 8/14
  3579 | D:4      | Found a staircase to the Ecumenical Temple.
  3589 | D:4      | Reached skill level 2 in Ranged Weapons
  3589 | D:4      | Reached skill level 5 in Dodging
  3593 | Temple   | Entered the Ecumenical Temple
  3630 | Temple   | Became a worshipper of Ashenzari the Shackled
  4197 | D:4      | Reached XP level 7. HP: 48/50 MP: 8/15
  4406 | D:4      | Found Venera's Dragon-Slaying Spoils.
  4465 | D:5      | Entered Level 5 of the Dungeon
  4503 | D:5      | Reached skill level 5 in Stealth
  4760 | D:5      | Reached skill level 3 in Ranged Weapons
  4760 | D:5      | Reached XP level 8. HP: 50/58 MP: 13/16
  5149 | D:5      | Killed an unseen horror
  5428 | D:5      | Reached skill level 4 in Ranged Weapons
  5428 | D:5      | Reached XP level 9. HP: 64/65 MP: 10/18
  5583 | D:5      | Reached * piety under Ashenzari
  5583 | D:5      | Identified a scroll of acquirement
  5605 | D:5      | Acquired 793 gold pieces
  5727 | D:5      | Learned a level 3 spell: Summon Guardian Golem
  5854 | D:6      | Noticed Pikel
  5860 | D:6      | Killed Pikel
  5962 | D:6      | Found a radiant altar of Vehumet.
  5965 | D:6      | Found an opulent altar of Gozag.
  5965 | D:6      | Noticed Maggie
  6027 | D:6      | Noticed a hornet
  6076 | D:6      | Reached skill level 5 in Invocations
  6306 | D:6      | Killed a hornet
  6548 | D:6      | Killed Maggie
  6549 | D:6      | Reached skill level 5 in Fighting
  6549 | D:6      | Reached skill level 5 in Short Blades
  6549 | D:6      | Reached skill level 5 in Long Blades
  6549 | D:6      | Reached skill level 5 in Axes
  6549 | D:6      | Reached skill level 5 in Maces & Flails
  6549 | D:6      | Reached skill level 5 in Polearms
  6549 | D:6      | Reached skill level 5 in Staves
  6549 | D:6      | Reached skill level 5 in Ranged Weapons
  6549 | D:6      | Reached skill level 5 in Throwing
  6549 | D:6      | Reached skill level 5 in Armour
  6549 | D:6      | Reached skill level 5 in Shields
  6549 | D:6      | Reached skill level 5 in Unarmed Combat
  6549 | D:6      | Reached skill level 5 in Evocations
  6549 | D:6      | Reached XP level 10. HP: 76/76 MP: 8/22
  6765 | D:6      | Reached ** piety under Ashenzari
  6776 | D:6      | Found a bloodstained altar of Trog.
  6901 | D:6      | Noticed Sigmund
  7137 | D:4      | Bought the quicksilver dragon scales of the Snail {+Blink
                  | rN++ Will+ Int+2 Dex-2} for 1098 gold pieces
  7341 | D:6      | Killed Sigmund
  8760 | D:8      | Noticed a kobold demonologist
  8770 | D:8      | Noticed a manticore
  8776 | D:8      | Killed a kobold demonologist
  8784 | D:8      | Killed a manticore
  8996 | D:8      | Reached skill level 6 in Ranged Weapons
  9005 | D:8      | Identified the +0 pair of gloves of the Mackerel {Regen+
                  | Dex+2}
  9021 | D:8      | Reached *** piety under Ashenzari
  9130 | D:8      | Reached skill level 5 in Conjurations
  9130 | D:8      | Reached skill level 5 in Hexes
  9130 | D:8      | Reached skill level 5 in Summonings
  9130 | D:8      | Reached skill level 5 in Necromancy
  9130 | D:8      | Reached skill level 5 in Translocations
  9130 | D:8      | Reached skill level 5 in Transmutations
  9130 | D:8      | Reached skill level 5 in Fire Magic
  9130 | D:8      | Reached skill level 5 in Air Magic
  9130 | D:8      | Reached skill level 5 in Earth Magic
  9130 | D:8      | Reached skill level 5 in Poison Magic
  9376 | D:8      | Reached XP level 11. HP: 78/84 MP: 24/24
  9494 | D:9      | Found a white marble altar of Elyvilon.
  9501 | D:9      | Found an iron altar of Okawaru.
  9502 | D:9      | Found a snail-covered altar of Cheibriados.
  9504 | D:9      | Found a blossoming altar of Fedhas.
  9850 | D:9      | Found a staircase to the Orcish Mines.
 10116 | D:9      | Found a transporter.
 10122 | D:9      | Identified the +5 quick blade of Ejeleote {drain, Str+4}
 10147 | D:9      | Noticed a five-headed hydra
 10155 | D:9      | Noticed 112233's ghost (novice DsFE)
 10180 | D:9      | Noticed a manticore
 10183 | D:9      | Found a transporter.
 10203 | D:9      | Reached **** piety under Ashenzari
 10257 | D:10     | Entered Level 10 of the Dungeon
 10265 | D:10     | Found a portal to a secret trove of treasure.
 10303 | D:10     | Noticed a soul eater
 10358 | D:10     | Reached skill level 7 in Ranged Weapons
 10587 | D:10     | Noticed a +0 dagger
 10588 | D:10     | Found a hide-covered altar of Uskayaw.
 10588 | D:10     | Noticed a +0 dagger
 10745 | D:10     | Noticed Grum
 10761 | D:10     | Killed Grum
 11245 | D:11     | Noticed a two-headed ogre
 11259 | D:11     | Noticed a death yak
 11260 | D:11     | Killed a two-headed ogre
 11270 | D:11     | Noticed a death yak
 11272 | D:11     | Noticed a death yak
 11276 | D:11     | Noticed a death yak
 11276 | D:11     | Killed a death yak
 11280 | D:11     | Noticed a death yak
 11282 | D:11     | Killed a death yak
 11283 | D:11     | Noticed a death yak
 11284 | D:11     | Killed a death yak
 11285 | D:11     | Reached skill level 8 in Ranged Weapons
 11293 | D:11     | Killed a death yak
 11294 | D:11     | Reached XP level 12. HP: 75/97 MP: 3/27
 11295 | D:11     | Killed a death yak
 11297 | D:11     | Killed a death yak
 11428 | D:11     | Found a staircase to the Lair.
 12411 | Lair:1   | Entered Level 1 of the Lair of Beasts
 12494 | Lair:1   | Noticed a four-headed hydra
 12506 | Lair:1   | Killed a four-headed hydra
 12738 | Lair:1   | Reached skill level 9 in Ranged Weapons
 12849 | Lair:1   | Identified the +0 pair of gloves of the New World {Stlth+}
 13131 | Lair:1   | Learned a level 5 spell: Lightning Bolt
 14252 | Lair:3   | Found a staircase to the Swamp.
 14325 | Lair:3   | Reached XP level 13. HP: 108/108 MP: 23/30
 14358 | Lair:3   | Reached skill level 10 in Ranged Weapons
 14463 | Lair:3   | Reached skill level 10 in Ice Magic
 14687 | Lair:3   | Found a hole to the Spider Nest.
 14758 | Lair:3   | Reached skill level 10 in Spellcasting
 14949 | Lair:3   | Reached ***** piety under Ashenzari
 15676 | Lair:4   | Reached skill level 10 in Dodging
 15852 | Lair:4   | Reached skill level 11 in Ranged Weapons
 16188 | Lair:5   | Entered Level 5 of the Lair of Beasts
 16338 | Lair:5   | Reached skill level 10 in Stealth
 16398 | Lair:5   | Noticed ripuliukko's ghost (journeyman MiFi)
 16536 | Lair:5   | Found a runed translucent gate.
 16537 | Lair:5   | Found a runed translucent gate.
 16538 | Lair:5   | Found a runed translucent gate.
 16559 | Lair:5   | Reached XP level 14. HP: 118/118 MP: 22/32
 16603 | Lair:5   | Reached skill level 10 in Invocations
 17236 | Lair:5   | Found a staircase to the Slime Pits.
 17263 | Lair:5   | Found a viscous altar of Jiyva.
 17319 | Lair:5   | Reached skill level 12 in Ranged Weapons
 18227 | Lair:5   | Learned a level 2 spell: Wereblood
 18233 | Lair:5   | Learned a level 5 spell: Silence
 18413 | Orc:1    | Entered Level 1 of the Orcish Mines
 19033 | Orc:1    | Paralysed by an orc sorcerer for 2 turns
 19309 | Orc:1    | Found Ymumiypi's Self-Improvement Boutique.
 19592 | Orc:2    | Entered Level 2 of the Orcish Mines
 19733 | Orc:2    | Found Sabuf's Jewellery Shoppe.
 19775 | Orc:2    | Noticed Nessos
 19793 | Orc:2    | Killed Nessos
 20018 | Orc:2    | Found a staircase to the Elven Halls.
 20091 | Orc:2    | Reached skill level 10 in Fighting
 20091 | Orc:2    | Reached skill level 10 in Short Blades
 20091 | Orc:2    | Reached skill level 10 in Long Blades
 20091 | Orc:2    | Reached skill level 10 in Axes
 20091 | Orc:2    | Reached skill level 10 in Maces & Flails
 20091 | Orc:2    | Reached skill level 10 in Polearms
 20091 | Orc:2    | Reached skill level 10 in Staves
 20091 | Orc:2    | Reached skill level 10 in Throwing
 20091 | Orc:2    | Reached skill level 10 in Armour
 20091 | Orc:2    | Reached skill level 10 in Shields
 20091 | Orc:2    | Reached skill level 10 in Unarmed Combat
 20091 | Orc:2    | Reached skill level 10 in Evocations
 20358 | Orc:2    | Found Jynetame's Antique Armour Shoppe.
 20621 | Orc:2    | Reached XP level 15. HP: 99/127 MP: 9/34
 20654 | Orc:2    | Found Moityex's Antique Weapon Boutique.
 20795 | Orc:2    | Bought a +4 ring of slaying for 1248 gold pieces
 20907 | Orc:2    | Found Otay's Armour Boutique.
 21192 | D:9      | Killed 112233's ghost
 21209 | D:9      | Reached skill level 13 in Ranged Weapons
 21341 | D:12     | Found a gate leading to a gauntlet.
 21439 | Gauntlet | Entered a Gauntlet
 21439 | Gauntlet | Found a transporter.
 21439 | Gauntlet | Found a transporter.
 21538 | Gauntlet | Found a transporter.
 21553 | Gauntlet | Found a transporter.
 21567 | Gauntlet | Found a transporter.
 21580 | Gauntlet | Found a transporter.
 21596 | Gauntlet | Found a transporter.
 21662 | Gauntlet | Found a transporter.
 21677 | Gauntlet | Found a transporter.
 21691 | Gauntlet | Found a transporter.
 21704 | Gauntlet | Found a transporter.
 21720 | Gauntlet | Identified the +1 cloak of the Swamp {Int+4}
 21722 | Gauntlet | Found a transporter.
 21791 | Gauntlet | Found a transporter.
 21807 | Gauntlet | Found a transporter.
 21835 | Gauntlet | Found a transporter.
 21845 | Gauntlet | Found a transporter.
 22105 | Gauntlet | Identified the +5 glaive "Awkaemy" {venom, MP+9}
 22109 | Gauntlet | Identified Sif Muna's Lectures on Moulding
 22111 | Gauntlet | Identified the +0 kite shield "Lagoeh" {Harm rF+}
 22399 | D:12     | Found a radiant altar of Vehumet.
 22626 | D:13     | Found Teihul's Antique Armour Boutique.
 22652 | D:13     | Learned a level 4 spell: Olgreb's Toxic Radiance
 22655 | D:13     | Found a runed translucent gate.
 22656 | D:13     | Found a runed translucent gate.
 22657 | D:13     | Found a runed translucent gate.
 22658 | D:13     | Noticed Merkmiralles's ghost (journeyman MiBe)
 22709 | D:13     | Killed Merkmiralles's ghost
 22864 | D:13     | Found Roafuofa's Jewellery Shop.
 22869 | D:13     | Bought the ring "Tohabykh" {Ice rN+ Str+3 Int+3} for 585
                  | gold pieces
 22885 | D:13     | Found Zylezian's Antique Weapon Shop.
 23041 | D:13     | Noticed Sonja
 23043 | D:13     | Killed Sonja
 23277 | D:13     | Found Xuxarorch's Antique Armour Boutique.
 23310 | D:13     | Found Puugry's Weapon Boutique.
 23766 | D:14     | Found a broken altar of Ashenzari.
 23833 | D:14     | Found a gate to the Vaults.
 24360 | D:14     | Reached skill level 10 in Hexes
 24450 | D:14     | Noticed Kirke
 24463 | D:14     | Killed Kirke
 24814 | D:15     | Entered Level 15 of the Dungeon
 24926 | D:15     | Reached skill level 14 in Ranged Weapons
 24997 | D:15     | Reached XP level 16. HP: 136/136 MP: 25/36
 25279 | D:15     | Found a staircase to the Depths.
 25971 | D:15     | Found an ornate altar of the Wu Jian Council.
 26567 | Spider:1 | Entered Level 1 of the Spider Nest
 26785 | Spider:1 | Learned a level 4 spell: Dispel Undead
 27462 | Spider:1 | Learned a level 7 spell: Storm Form
 27488 | Spider:2 | Noticed Louise
 27505 | Spider:2 | Killed Louise
 27755 | Spider:2 | Reached skill level 15 in Ranged Weapons
 28030 | Spider:2 | Identified the +0 spear "Oleojuf" {protect, +Blink Stlth+}
 28048 | Spider:2 | Reached XP level 17. HP: 103/144 MP: 15/38
 28518 | Spider:3 | Reached skill level 10 in Conjurations
 28518 | Spider:3 | Reached skill level 10 in Summonings
 28518 | Spider:3 | Reached skill level 10 in Necromancy
 28518 | Spider:3 | Reached skill level 10 in Translocations
 28518 | Spider:3 | Reached skill level 10 in Transmutations
 28518 | Spider:3 | Reached skill level 10 in Fire Magic
 28518 | Spider:3 | Reached skill level 10 in Air Magic
 28518 | Spider:3 | Reached skill level 10 in Earth Magic
 28518 | Spider:3 | Reached skill level 10 in Poison Magic
 28714 | Spider:3 | Noticed Arachne
 28969 | Spider:3 | Reached ****** piety under Ashenzari
 29105 | Spider:3 | Killed Arachne
 29199 | Spider:3 | Identified the cursed +2 helmet of the Gnostic Negation
                  | {Self, Melee} (You took it off Robin on level 3 of the
                  | Dungeon)
 29199 | Spider:3 | Identified the cursed +2 pair of boots of Ashenzari's
                  | Affliction {rampage, Bglg, Alch} (You found it on level 13
                  | of the Dungeon)
 29199 | Spider:3 | Identified the cursed +0 kite shield "I Foresaw This"
                  | {Elem, Melee} (You found it on level 5 of the Lair of
                  | Beasts)
 29477 | Spider:4 | Entered Level 4 of the Spider Nest
 29794 | Spider:4 | Reached skill level 16 in Ranged Weapons
 29958 | Spider:4 | Identified the +0 hat of Tempters {*Corrode rN+ Dex+5}
 29960 | Spider:4 | Identified the +2 hat of Feidimus {rN+}
 29973 | Spider:4 | Got a gossamer rune of Zot
 30295 | Swamp:1  | Entered Level 1 of the Swamp
 30901 | Swamp:2  | Reached XP level 18. HP: 150/158 MP: 41/41
 31378 | Swamp:3  | Found a runed translucent door.
 31579 | Swamp:3  | Noticed popps's ghost (adept MiBe)
 31686 | Swamp:3  | Identified the +5 trident of the Onslaught {spect, Dex+2}
 31705 | Swamp:3  | Killed popps's ghost
 31855 | Swamp:4  | Entered Level 4 of the Swamp
 31857 | Swamp:4  | Noticed Mlioglotl
 31868 | Swamp:4  | Killed Mlioglotl
 32081 | Swamp:4  | Gained mutation: You occasionally lose the ability to read
                  | scrolls when taking damage. [a neqoxec]
 32097 | Swamp:4  | Lost mutation: You occasionally lose the ability to read
                  | scrolls when taking damage. [potion of mutation]
 32097 | Swamp:4  | Gained mutation: You occasionally lose the ability to read
                  | scrolls when taking damage. [potion of mutation]
 32097 | Swamp:4  | Gained mutation: You are frail. (-10% HP) [potion of
                  | mutation]
 32097 | Swamp:4  | Gained mutation: You have a somewhat thin skeletal
                  | structure. (Dex +2, Stealth+) [potion of mutation]
 32098 | Swamp:4  | Lost mutation: You are frail. (-10% HP) [potion of
                  | mutation]
 32098 | Swamp:4  | Lost mutation: You occasionally lose the ability to read
                  | scrolls when taking damage. [potion of mutation]
 32098 | Swamp:4  | Gained mutation: You possess an exceptional clarity of
                  | mind. [potion of mutation]
 32098 | Swamp:4  | Gained mutation: Your flesh is cold resistant. (rC+)
                  | [potion of mutation]
 32698 | Swamp:4  | Reached skill level 17 in Ranged Weapons
 32698 | Swamp:4  | Reached skill level 15 in Unarmed Combat
 32866 | Swamp:4  | Got a decaying rune of Zot
 33259 | Elf:1    | Entered Level 1 of the Elven Halls
 33343 | Elf:1    | Reached XP level 19. HP: 157/157 MP: 39/39
 33357 | Elf:1    | Identified the Encyclopedia of Damage Dealing
 34039 | Elf:2    | Paralysed by an air elemental for 1 turns
 34648 | Elf:2    | Found a runed translucent gate.
 34648 | Elf:2    | Found a runed translucent gate.
 34648 | Elf:2    | Found a runed translucent gate.
 34880 | Elf:2    | Reached skill level 18 in Ranged Weapons
 35282 | Elf:3    | Entered Level 3 of the Elven Halls
 35305 | Elf:3    | Noticed Nikola
 35314 | Elf:3    | Killed Nikola
 35502 | Elf:3    | Identified the +3 mace "Ham Jaih" {speed, rC+++ rCorr Str-2
                  | Int+4}
 35648 | Elf:3    | Reached skill level 15 in Invocations
 36004 | Elf:3    | Found Biucuef's Distillery.
 36014 | Elf:3    | Bought a potion of heal wounds for 65 gold pieces
 36014 | Elf:3    | Bought a potion of heal wounds for 65 gold pieces
 36109 | Elf:3    | Found the +6 arbalest "Damnation" {damnation}
 36116 | Abyss:3  | Cast into level 3 of the Abyss (a deep elf sorcerer)
 36212 | Abyss:3  | Noticed a bone dragon
 36227 | Abyss:3  | Killed a bone dragon
 36234 | Abyss:3  | Reached XP level 20. HP: 138/166 MP: 28/41
 36235 | Abyss:3  | Noticed a dread lich
 36244 | Abyss:3  | Noticed a dread lich
 36336 | Abyss:3  | Killed a dread lich
 36347 | Abyss:3  | Killed a dread lich
 36365 | Abyss:3  | Got an abyssal rune of Zot
 36371 | Abyss:3  | Reached skill level 15 in Spellcasting
 36386 | Elf:3    | Escaped the Abyss
 36623 | Elf:3    | Noticed Zenata
 36636 | Elf:3    | Killed Zenata
 36747 | Elf:3    | Identified the ring of the Past {Wiz *Corrode +Blink rElec
                  | Str+3}
 36764 | Elf:3    | Paralysed by a deep elf pyromancer for 3 turns
 36766 | Elf:3    | Identified the +7 morningstar of Ypecuu {freeze, Drain
                  | rElec Dex+7 Stlth-}
 36769 | Elf:3    | Reached skill level 15 in Hexes
 36770 | Elf:3    | Reached skill level 15 in Dodging
 36799 | Elf:3    | Reached skill level 19 in Ranged Weapons
 36826 | Elf:3    | Reached skill level 15 in Stealth
 36831 | Elf:3    | Identified the +7 mace of Haumout {freeze, rC+ Will++}
 37124 | Elf:3    | Identified Sif Muna's Volume of Ensorcelling and
                  | Reformation
 37127 | Elf:3    | Identified Damped's Parchment of the Violent Storm
 37572 | Depths:1 | Entered Level 1 of the Depths
 37596 | Depths:1 | Found a one-way gate leading to the halls of Pandemonium.
 37615 | Depths:1 | Paralysed by a floating eye for 4 turns
 37662 | Depths:1 | Found a one-way gate to the infinite horrors of the Abyss.
 37721 | Depths:1 | Found a gateway to Hell.
 37922 | Depths:1 | Reached XP level 21. HP: 152/174 MP: 42/42
 37961 | Depths:1 | Identified the +3 robe of Insecurity {rC++ MP+9}
 38126 | Depths:1 | Found a stormy altar of Qazlal.
 38534 | Depths:1 | Learned a level 6 spell: Summon Cactus Giant
 38543 | Depths:1 | Learned a level 8 spell: Lehudib's Crystal Spear
 38551 | Depths:1 | Learned a level 7 spell: Spellforged Servitor
 38558 | Depths:1 | Learned a level 5 spell: Summon Mana Viper
 38713 | Depths:2 | Found a one-way gateway to a ziggurat.
 38808 | Depths:2 | Identified the +0 cloak of Midwinter {rF+ Str+3}
 38811 | Depths:2 | Identified the +9 mace of Inference {freeze, Str+7}
 38823 | Depths:2 | Noticed a golden dragon
 38991 | Depths:2 | Learned a level 7 spell: Orb of Destruction
 39105 | Depths:2 | Paralysed by a great orb of eyes for 3 turns
 39151 | Depths:2 | Noticed a caustic shrike
 39163 | Depths:2 | Killed a caustic shrike
 39398 | Depths:2 | Identified the Omnibus of Wicked Liturgies and
                  | Confrontation
 39457 | Depths:2 | Reached skill level 15 in Fighting
 39457 | Depths:2 | Reached skill level 15 in Short Blades
 39457 | Depths:2 | Reached skill level 15 in Long Blades
 39457 | Depths:2 | Reached skill level 15 in Axes
 39457 | Depths:2 | Reached skill level 15 in Maces & Flails
 39457 | Depths:2 | Reached skill level 15 in Polearms
 39457 | Depths:2 | Reached skill level 15 in Staves
 39457 | Depths:2 | Reached skill level 15 in Throwing
 39457 | Depths:2 | Reached skill level 15 in Armour
 39457 | Depths:2 | Reached skill level 15 in Shields
 39457 | Depths:2 | Reached skill level 15 in Evocations
 39516 | Depths:2 | Identified the +6 great sword of Valiance {chaos, Str+2}
 39676 | Depths:2 | Noticed a caustic shrike
 39687 | Depths:2 | Killed a caustic shrike
 39697 | Depths:2 | Reached skill level 20 in Ranged Weapons
 39702 | Depths:2 | Noticed Sojobo
 39751 | Depths:2 | Killed Sojobo
 39974 | Depths:2 | Identified the ring "Fiuts" {Will+ rCorr Int+4 Dex+3}
 40094 | Depths:2 | Killed a golden dragon
 40296 | Depths:2 | Reached XP level 22. HP: 72/183 MP: 44/44
 40653 | Depths:3 | Identified the amulet "Iraokaqota" {Faith Int+3}
 41753 | Vaults:1 | Entered Level 1 of the Vaults
 41780 | Vaults:1 | Found a crumbling gateway.
 41788 | Desolati | Entered the Desolation of Salt
 42160 | Desolati | Identified the +7 dagger "Ihourr" {distort, Stlth+}
 42274 | Desolati | Identified the Catalogue of the Electric Jaunt
 42402 | Desolati | Identified the Tome of the Rocky Wayfarer
 42402 | Desolati | Identified the amulet of the Commoners {Drain rC+ Regen+
                  | rCorr}
 42404 | Desolati | Identified the ring of Reimbursement {rF+ rC+ Will+ Str+4
                  | Int-5}
 42406 | Desolati | Identified the +2 scale mail of Misanthropy {Int+3}
 42789 | Vaults:1 | Identified the +3 chain mail of Elyvilon's Castigation
                  | {Str+4}
 42801 | Vaults:1 | Reached skill level 15 in Ice Magic
 43183 | Vaults:1 | Reached skill level 21 in Ranged Weapons
 43361 | Vaults:1 | Learned a level 5 spell: Manifold Assault
 43953 | Vaults:1 | Reached XP level 23. HP: 183/183 MP: 8/43
 45893 | Vaults:3 | Noticed Bai Suzhen
 45911 | Vaults:3 | Killed Bai Suzhen
 46100 | Vaults:3 | Reached skill level 15 in Summonings
 46609 | Vaults:3 | Found a staircase to the Crypt.
 47878 | Vaults:4 | Reached skill level 22 in Ranged Weapons
 48135 | Vaults:4 | Reached XP level 24. HP: 201/206 MP: 48/48
 48862 | Vaults:5 | Entered Level 5 of the Vaults
 48907 | Vaults:5 | Noticed an ancient lich
 48917 | Vaults:5 | Killed an ancient lich
 48960 | Vaults:5 | Noticed a dread lich
 48968 | Vaults:5 | Killed a dread lich
 49369 | Vaults:5 | Noticed a dread lich
 49558 | Vaults:5 | Noticed Frederick
 49569 | Vaults:5 | Killed Frederick
 49906 | Vaults:5 | Noticed an ancient lich
 50041 | Vaults:5 | Reached XP level 25. HP: 54/201 MP: 33/44
 50409 | Vaults:5 | Noticed a dread lich
 50417 | Vaults:5 | Reached skill level 23 in Ranged Weapons
 50532 | Vaults:5 | Got a silver rune of Zot
 50608 | Vaults:5 | Killed an ancient lich
 50788 | Vaults:5 | Killed a dread lich
 50791 | Vaults:5 | Found Mokkesme's General Store.
 50923 | Vaults:5 | Identified Qenem's Guidebook on Beguiling
 50923 | Vaults:5 | Identified the +7 rapier of the Lair of Beasts {vorpal, rF+
                  | Int+6}
 50926 | Vaults:5 | Identified the +6 dagger of Kesint {elec, *Slow rPois rN+
                  | Str+6}
 51314 | Depths:3 | Learned a level 8 spell: Maxwell's Capacitive Coupling
 51557 | Depths:3 | Reached skill level 15 in Conjurations
 51557 | Depths:3 | Reached skill level 15 in Necromancy
 51557 | Depths:3 | Reached skill level 15 in Translocations
 51557 | Depths:3 | Reached skill level 15 in Transmutations
 51557 | Depths:3 | Reached skill level 15 in Fire Magic
 51557 | Depths:3 | Reached skill level 15 in Air Magic
 51557 | Depths:3 | Reached skill level 15 in Earth Magic
 51557 | Depths:3 | Reached skill level 15 in Poison Magic
 52444 | Depths:4 | Entered Level 4 of the Depths
 53638 | Depths:4 | Found a gate to the Realm of Zot.
 53689 | Zot:1    | Entered Level 1 of the Realm of Zot
 53708 | Zot:1    | Reached XP level 26. HP: 192/211 MP: 27/45
 54140 | Zot:1    | Reached skill level 24 in Ranged Weapons
 54447 | Zot:1    | Acquired 818 gold pieces
 54462 | Zot:1    | Learned a level 5 spell: Summon Forest
 54617 | Zot:1    | Found a shimmering altar of Xom.
 54617 | Zot:1    | Found a shimmering altar of Xom.
 54617 | Zot:1    | Noticed a Killer Klown
 54619 | Zot:1    | Found a glowing silver altar of Zin.
 54628 | Zot:1    | Killed a Killer Klown
 54632 | Zot:1    | Noticed a Killer Klown
 54658 | Zot:1    | Found a shimmering altar of Xom.
 54668 | Zot:1    | Killed a Killer Klown
 56485 | Zot:4    | Identified the +1 robe of the Spider Nest {rPois rN++
                  | Stlth+ Archmagi}
 56615 | Zot:4    | Identified the +5 spear of Rutidghea {protect, Int+4}
 57089 | Zot:4    | Identified the +5 shortbow of Precise Incision {vorpal,
                  | Will+ Str+3 Int-2}
 57105 | Zot:4    | Reached XP level 27. HP: 143/219 MP: 18/46
 57211 | Zot:4    | Identified Boelonn's Enchiridion on the Fetid Sky
 57481 | Zot:5    | Entered Level 5 of the Realm of Zot
 57482 | Zot:5    | Identified the +4 shortbow of Roezumyi {freeze, +Blink rN+
                  | Will+ Int-4}
 57608 | Zot:5    | Noticed an orb of fire
 57704 | Zot:5    | Noticed an ancient lich
 57874 | Zot:5    | Gained mutation: Your magical capacity is low. (-10% MP)
                  | [an orb of fire]
 57877 | Zot:5    | Killed an orb of fire
 58341 | Zot:5    | Noticed a dread lich
 58389 | Zot:5    | Killed a dread lich
 58390 | Zot:5    | Reached skill level 25 in Ranged Weapons
 58665 | Zot:5    | Noticed an orb of fire
 58669 | Zot:5    | Killed an orb of fire
 58709 | Zot:5    | Noticed an orb of fire
 58799 | Zot:5    | Gained mutation: You are clumsy. (Dex -2) [an orb of fire]
 58802 | Zot:5    | Killed an orb of fire
 58915 | Zot:5    | Noticed a dread lich
 59018 | Zot:5    | Killed an ancient lich
 59446 | Zot:5    | Killed a dread lich
 59897 | Zot:5    | Got the Orb of Zot
 60536 | D:3      | Noticed Ecuq the pandemonium lord
 60550 | D:3      | Killed Ecuq the pandemonium lord
 60615 | D:$      | Escaped with the Orb!

Illustrated notes

Levels and vault maps discovered:
D:1:      onia_arrival_pyramid, layout_loops_cross,
          shapermc_ecumenical_altar_totnotflames, minivault_24
D:2:      kennysheep_six_static_rooms, layout_rooms, minmay_goblin_outpost
D:3:      minmay_octagon_keep, layout_loops_ring, marbit_many_paths, uniq_robin
D:4:      layout_rooms, minmay_temple_entry_slanted, minmay_misc_feat_enclosed,
          nicolae_shop_dragon_depot
D:5:      layout_loops_corners, serial_undead, serial_undead_e, serial_undead_c,
          serial_undead_e, serial_undead_d, serial_undead_d, serial_undead_c,
          serial_undead_f, serial_undead_f, minmay_misc_feat_columns
D:6:      layout_basic, mainiacjoe_overflow_boulevard,
          chequers_temple_overflow_statue_of_worship, minmay_misc_feat_rugged,
          uniq_pikel, uniq_sigmund, uniq_maggie
D:7:      layout_cave_pools, st_stairs_3, moated_statue,
          nicolae_figureground_sparkle
D:8:      layout_basic, st_stairs_12, minmay_manual_mess
D:9:      layout_basic, grunt_temple_overflow_open, hiddenorc1_lemuel,
          nzn_ghost_randoct
D:10:     layout_roguey [special_room_kobold], dancing_weapons_uskayaw,
          enter_trove_0, chequers_jeans, uniq_grum
D:11:     layout_stronghold, dpeg_lair_monsters
D:12:     layout_big_octagon, gauntlet_entry_generic, nicolae_vehumet_radiance
D:13:     layout_gridville, biasface_ghost_orc_armoury, serial_shops, shop,
          nicolae_shop_bloodbath_and_beyond, nicolae_square_shop,
          nicolae_square_shop, kennysheep_little_box, uniq_sonja
D:14:     layout_loops_ring, skrybe_vaults_entry_preservation,
          nicolae_ashenzari_panopticon, hangedman_weighted_door, uniq_kirke
D:15:     grunt_enter_depths_hoard, layout_layer_cave, nrook_uturn,
          nzn_wu_jian_council_hall
Temple:   compressed_dpeg_triangle_lava_temple
Lair:1:   layout_roguey
Lair:2:   layout_layer_cave
Lair:3:   layout_small_grid, swamp_mist, nicolae_spider_entry_tight_spaces,
          grunt_forest_large_clearings, grunt_megastairs_3, serial_bayou_shore_a
Lair:4:   layout_misc_corridors, grunt_megastairs_5
Lair:5:   guppyfry_lair_end_dragon, layout_cave_pods,
          hangedman_lair_tendril_chambers, minmay_slime_entry_pillars,
          gammafunk_ghost_necromancy
Swamp:1:  layout_basic_swamp, nicolae_swamp_fairy_circle
Swamp:2:  layout_falls_marsh, evilmike_swamp_ruin_house_3
Swamp:3:  layout_basic_swamp, ebering_ghost_funeral_grove,
          evilmike_swamp_ruin_rubble_1
Swamp:4:  nzn_swamp_witches_coven, layout_basic_swamp, swamp_pool5,
          cheibrodos_swamp_witchery, uniq_mlioglotl
Spider:1: layout_spider_delve, worms_lemuel
Spider:2: layout_spider_delve, hangedman_spider_tarantella_strand, uniq_louise
Spider:3: layout_spider_delve, uniq_arachne
Spider:4: grunt_spider_rune_parallel
Orc:1:    layout_caves, nicolae_shop_self_help
Orc:2:    st_orc_town, layout_caves, uniq_nessos
Elf:1:    layout_gridlike, serial_sigils, serial_sigils_hangedman_scar,
          serial_sigils_hangedman_stare, serial_sigils_hangedman_shear,
          serial_sigils_hangedman_gnaw, minmay_elf_annihilation, drop_trap,
          nrook_mini_backslash
Elf:2:    nicolae_elf_blades_splatter_lattice [nicolae_blade_bullseye],
          layout_gridlike, serial_co_window_serial, co_window_corner_a,
          co_window_corner_a, co_window_corner_a, co_window_paths_b,
          co_window_of_opportunity_a, co_window_paths_a, co_window_paths_b,
          co_window_corner_a, co_window_of_opportunity_a, co_window_paths_c,
          glass_columns_a, glass_columns_c, glass_columns_c, glass_columns_c
Elf:3:    grunt_elf_hall_asides, layout_geoelf_diagonals, serial_shops,
          nicolae_lakefront_shop, minmay_fountain_box,
          hellmonk_guarded_unrand_damnation, uniq_zenata, uniq_nikola
Vaults:1: portal_desolation_entry_garden, grunt_vaults_funneled_arena,
          ontoclasm_vaults_bender, grunt_vaults_bifocal,
          ontoclasm_vaults_gateway, hangedman_vaults_slice,
          hangedman_vaults_stitches, nicolae_vaults_circle_grid_b, v_pattern_3,
          ontoclasm_vaults_pinch, hangedman_vaults_slice, layout_vaults_omnibox
Vaults:2: v_misc_5, v_misc_4, hangedman_vaults_corner_blocks,
          hangedman_vaults_stretched_pinwheel, vaults_mumra_minichess,
          v_rooms_5, grunt_vaults_swirl, nicolae_vaults_network_barrier,
          vaults_dpeg_cross, layout_vaults_ring, uniq_margery
Vaults:3: nicolae_vaults_arrows, nicolae_vaults_windows_and_doors_thing,
          minmay_crypt_entry_skeletal_spiral, nicolae_vaults_diagonal_hallway_7,
          v_rooms_2, v_pattern_1, v_misc_19, layout_vaults_omnigrid,
          uniq_bai_suzhen
Vaults:4: nicolae_vaults_rhombus_6, ontoclasm_vaults_decontamination,
          st_smaller_cells, v_rooms_3, hangedman_vaults_corner,
          vaults_dpeg_encased_lava, hangedman_vaults_locks, vaults_mumra_hex,
          vaults_mumra_hexcomb, hangedman_vaults_hat,
          nicolae_vaults_angled_halls, nicolae_vaults_specimen_jars,
          nicolae_vaults_diagonal_hallway_6, layout_vaults_big_cross
Vaults:5: serial_shops, uniq_frederick
Depths:1: layout_gridville, nicolae_abyss_entry_one_way_or_another, pan_entry,
          hangedman_geh_valley, nicolae_qazlal_general_emergency,
          kennysheep_random_hallway
Depths:2: hangedman_pleasuredromes, hell_entry, pan_entry, uniq_sojobo
Depths:3: minmay_chopped_fan, layout_basic, patterned_corridor,
          minmay_room_of_horrors, hell_entry, roderic_lattice_octagonal_star,
          minmay_staircase_windowed_large, serial_bayou_shore_b
Depths:4: grunt_zot_entry_hairpin, layout_gridlike,
          abyss_entry_small_statue_room, minmay_misc_feat_x,
          hangedman_coc_ice_floe
Zot:1:    dreamdust_zin_vs_xom, layout_gridlike, st_stairs_14
Zot:2:    layout_concentric_octagons, nicolae_rock_paper_scissors
Zot:3:    layout_onion_interference
Zot:4:    kennysheep_oblong_rooms, layout_onion_interference
Zot:5:    layout_basic, lemuel_baited_zot_trap

Skill      XL: |  1  2  3  4  5  6  7  8  9 10 11 12 13 14 15 16 17 18 19 20 21 22 23 24 25 26 27 |
---------------+----------------------------------------------------------------------------------+-----
Spellcasting   | 5 6 7 8 9 10 11 12 13 14 15 16 17 18 19 | 19.8
Invocations    | 1 2 3 4 5 6 7 8 9 10 11 12 13 14 15 16 17 18 19 20 | 20.8
Fighting       | 1 2 3 4 5 6 7 8 9 10 11 12 13 14 15 16 17 18 19 | 19.3
Short Blades   | 1 2 3 4 5 6 7 8 9 10 11 12 13 14 15 16 17 18 19 | 19.3
Long Blades    | 1 2 3 4 5 6 7 8 9 10 11 12 13 14 15 16 17 18 19 | 19.3
Axes           | 1 2 3 4 5 6 7 8 9 10 11 12 13 14 15 16 17 18 19 | 19.3
Maces & Flails | 1 2 3 4 5 6 7 8 9 10 11 12 13 14 15 16 17 18 19 | 19.3
Polearms       | 1 2 3 4 5 6 7 8 9 10 11 12 13 14 15 16 17 18 19 | 19.3
Staves         | 1 2 3 4 5 6 7 8 9 10 11 12 13 14 15 16 17 18 19 | 19.3
Ranged Weapons | 1 2 3 4 5 6 8 9 11 12 14 15 16 17 18 19 20 21 22 23 24 25 | 25.6
Throwing       | 1 2 3 4 5 6 7 8 9 10 11 12 13 14 15 16 17 18 19 | 19.3
Armour         | 1 2 3 4 5 6 7 8 9 10 11 12 13 14 15 16 17 18 19 | 19.3
Shields        | 1 2 3 4 5 6 7 8 9 10 11 12 13 14 15 16 17 18 19 | 19.3
Unarmed Combat | 1 2 3 4 5 6 7 8 9 10 11 12 14 15 16 17 18 19 20 21 22 23 24 | 24.6
Evocations     | 1 2 3 4 5 6 7 8 9 10 11 12 13 14 15 16 17 18 19 | 19.3
Conjurations   | 1 2 3 4 5 6 7 8 9 10 11 12 13 14 15 16 | 16.4
Hexes          | 1 2 3 4 5 6 7 8 10 11 12 13 14 15 16 17 18 19 20 21 | 21.3
Summonings     | 1 2 3 4 5 6 7 8 9 10 11 12 13 14 15 16 17 18 19 | 19.4
Necromancy     | 1 2 3 4 5 6 7 8 9 10 11 12 13 14 15 16 | 16.4
Translocations | 1 2 3 4 5 6 7 8 9 10 11 12 13 14 15 16 | 16.4
Transmutations | 1 2 3 4 5 6 7 8 9 10 11 12 13 14 15 16 | 16.4
Fire Magic     | 1 2 3 4 5 6 7 8 9 10 11 12 13 14 15 16 | 16.4
Air Magic      | 1 2 3 4 5 6 7 8 9 10 11 12 13 14 15 16 | 16.4
Earth Magic    | 1 2 3 4 5 6 7 8 9 10 11 12 13 14 15 16 | 16.4
Poison Magic   | 1 2 3 4 5 6 7 8 9 10 11 12 13 14 15 16 | 16.4
Dodging        | 5 6 7 8 9 10 11 12 13 14 15 16 17 18 19 | 19.7
Stealth        | 5 6 7 8 9 10 11 12 13 14 15 16 17 18 19 | 19.7
Ice Magic      | 8 9 10 11 12 13 14 15 16 17 | 17.7

Action                   |  1- 3 |  4- 6 |  7- 9 | 10-12 | 13-15 | 16-18 | 19-21 | 22-24 | 25-27 || total
-------------------------+-------+-------+-------+-------+-------+-------+-------+-------+-------++-------
Melee: Staff             |     5 |    35 |    40 |   133 |   950 |   546 |   477 |   968 |   787 ||  3941
       Bite              |       |     2 |    34 |    39 |   137 |   104 |    99 |   211 |   196 ||   822
       Punch             |       |     1 |     4 |    26 |    34 |    56 |    79 |    66 |    77 ||   343
       Dagger            |       |       |   200 |   106 |       |       |       |       |       ||   306
       Unarmed           |       |       |       |       |       |   344 |   461 |   524 |   459 ||  1788
Throw: Dart              |       |     3 |     5 |    19 |       |       |     1 |       |     3 ||    31
       Javelin           |       |       |       |     9 |       |     4 |     1 |       |       ||    14
 Cast: Freeze            |    44 |    77 |    29 |   227 |    47 |     5 |     4 |       |       ||   433
       Frozen Ramparts   |     1 |     8 |    12 |    30 |    48 |     4 |       |       |       ||   103
       Ozocubu's Armour  |     1 |     4 |    15 |    23 |    21 |     6 |       |       |       ||    70
       Hailstorm         |       |       |     7 |    45 |    64 |     6 |       |       |       ||   122
       Summon Guardian G |       |       |     2 |    10 |     4 |     4 |       |       |       ||    20
       Lightning Bolt    |       |       |       |       |    59 |    28 |     1 |       |       ||    88
       Silence           |       |       |       |       |     2 |     1 |     7 |       |       ||    10
       Olgreb's Toxic Ra |       |       |       |       |    13 |    78 |     7 |     2 |     7 ||   107
       Wereblood         |       |       |       |       |     3 |    21 |    16 |     8 |     4 ||    52
       Dispel Undead     |       |       |       |       |       |    11 |     2 |     6 |    22 ||    41
       Storm Form        |       |       |       |       |       |    16 |    24 |    21 |    22 ||    83
       Summon Cactus Gia |       |       |       |       |       |       |    13 |    32 |    21 ||    66
       Spellforged Servi |       |       |       |       |       |       |    11 |    31 |    26 ||    68
       Orb of Destructio |       |       |       |       |       |       |     7 |       |     3 ||    10
       Summon Mana Viper |       |       |       |       |       |       |     1 |       |       ||     1
       Manifold Assault  |       |       |       |       |       |       |       |    56 |    38 ||    94
       Maxwell's Capacit |       |       |       |       |       |       |       |       |    29 ||    29
       Lehudib's Crystal |       |       |       |       |       |       |       |       |    13 ||    13
       Summon Forest     |       |       |       |       |       |       |       |       |     9 ||     9
Invok: Curse Item        |       |       |     2 |     5 |     4 |     2 |       |     1 |     1 ||    15
       Shatter the Chain |       |       |       |       |     2 |     1 |       |     2 |       ||     5
 Abil: Blinkbolt         |       |       |       |       |       |     9 |     5 |       |       ||    14
Evoke: Wand              |       |     1 |     2 |       |     2 |       |       |       |       ||     5
       Tin of tremorston |       |       |       |       |       |     2 |     1 |       |       ||     3
       Phantom mirror    |       |       |       |       |       |     1 |       |       |       ||     1
       Box of beasts     |       |       |       |       |       |       |       |       |     1 ||     1
  Use: Scroll            |       |     2 |     5 |     1 |       |     1 |     4 |     2 |     2 ||    17
       Potion            |       |       |       |       |       |     6 |       |     2 |     2 ||    10
 Stab: Sleeping          |     4 |     1 |     3 |    10 |     9 |     7 |    22 |    58 |    29 ||   143
       Distracted        |       |       |       |       |     4 |     2 |     5 |    19 |    18 ||    48
       Petrifying        |       |       |       |       |       |       |     6 |       |       ||     6
       Petrified         |       |       |       |       |       |       |     4 |       |       ||     4
       Invisible         |       |       |       |       |       |       |     2 |       |       ||     2
Armor: Robe              |     6 |     6 |       |       |       |       |       |       |       ||    12
       Animal skin       |       |    11 |    85 |       |       |       |       |       |       ||    96
       Quicksilver drago |       |       |       |   234 |   414 |   311 |   104 |   190 |   214 ||  1467
       Steam dragon scal |       |       |       |     7 |       |       |       |       |       ||     7
       Skin              |       |       |       |       |       |    74 |    72 |    44 |    49 ||   239
Dodge: Dodged            |    20 |    53 |   170 |   300 |   420 |   744 |   571 |   604 |   668 ||  3550
Block: Kite shield       |       |       |       |       |   288 |   434 |   187 |   420 |   398 ||  1727
